 Dungeon Crawl Stone Soup version 0.30.0-5-g1a98f26d00 (webtiles) character file.

Game seed: 5691837429632701424

1649 hawla the Slasher (level 9, -1/64 HPs)
             Began as a Meteoran Fire Elementalist on May 11, 2023.
             Slain by a two-headed ogre
             ... wielding a +0 giant spiked club
              (22 damage)
             ... on level 7 of the Dungeon on May 12, 2023.
             The game lasted 00:11:56 (2412 turns).

hawla the Slasher (Meteoran Fire Elementalist)      Turns: 2412, Time: 00:11:56

Health: -1/64      AC:  2    Str: 11    XL:     9   Next: 42%
Magic:  11/17      EV: 12    Int: 21    God:
Gold:   15         SH:  0    Dex: 14    Spells: 7/18 levels left

rFire   . . .        j - +0 long sword
rCold   . . .        (no shield)
rNeg    . . .        a - +0 robe
rPois   .            (no helmet)
rElec   .            (no cloak)
rCorr   .            (no gloves)
SInv    .            (no boots)
Will    +....        (no amulet)
Stlth   +            (no ring)
HPRegen 0.30/turn    (no ring)
MPRegen 0.15/turn

%: no passive effects
@: glowing
A: sense surroundings 2, otherworldly, glowing, explore regen
a: no special abilities


You were on level 7 of the Dungeon.
You visited 2 branches of the dungeon, and saw 8 of its levels.

You collected 301 gold pieces.
You spent 286 gold pieces at shops.

Inventory:

Hand Weapons
 j - a +0 long sword (weapon)
Armour
 a - a +0 robe (worn)
Jewellery
 q - a +6 ring of dexterity
Wands
 i - a wand of quicksilver (2)
Scrolls
 l - a scroll of fog {unknown}
 n - a scroll of amnesia {unknown}
 o - a scroll of blinking {unknown}
Potions
 b - 2 potions of magic
 c - a potion of curing
 f - a potion of cancellation
 g - a potion of haste {unknown}
 h - a potion of attraction
 m - a potion of heal wounds {unknown}
 p - a potion of flight {unknown}


   Skills:
 - Level 1.5 Fighting
 - Level 7.7 Long Blades
 - Level 2.8 Dodging
 - Level 1.4 Stealth
 - Level 5.2 Spellcasting
 - Level 6.3 Conjurations
 + Level 4.9 Translocations
 - Level 5.6 Fire Magic


You had 7 spell levels left.
You knew the following spells:

 Your Spells              Type           Power      Damage    Failure   Level
a - Foxfire               Conj/Fire      100%       2x1d9     1%          1
b - Scorch                Fire           58%        2d7       1%          2
c - Flame Wave            Conj/Fire      30%        2d9       9%          4
d - Iskenderun's Mystic   Conj/Tloc      29%        2d7       11%         4

Your spell library contained the following spells:

 Spells                   Type           Power      Damage    Failure   Level
 Volatile Blastmotes      Fire/Tloc      54%        2d14      3%          3
 Gell's Gravitas          Tloc           26%        N/A       4%          3
 Teleport Other           Tloc           26%        N/A       4%          3
 Inner Flame              Hex/Fire       17%        N/A       10%         3
 Fireball                 Conj/Fire      15%        3d8       26%         5
 Dispersal                Tloc           13%        N/A       91%         6


Dungeon Overview and Level Annotations

Branches:
Dungeon (7/15) Zot: 1796   Temple (1/1) D:4 Zot: 582

Altars:
Ashenzari
Cheibriados
Elyvilon
Makhleb
Qazlal
Ru
Wu Jian
Zin

Shops:
D:6 *:


Innate Abilities, Weirdness & Mutations

You passively map the area around you.
You are easily found by Zot.
You glow in the dark.
You regain HP and MP as you explore.


Message History

Confirm with . or Enter, or press ? or * to list all spells.
You conjure some foxfire!
The bullfrog hits you.
Casting: Foxfire (safe; 1% risk of failure)
Confirm with . or Enter, or press ? or * to list all spells.
Flames lash the bullfrog.
You kill the bullfrog!
Unknown command.
Your foxfire dissipates!
There is a stone staircase leading down here.
Your foxfire dissipates!
c - a potion of curing
There is a stone staircase leading down here.
There is an entrance to Lizy's General Store here.
You can access your shopping list by pressing '$'.
You start waiting.
Magic restored.
You start waiting.
There is a stone staircase leading down here.
You climb downwards.
The two-headed ogre hits you with a +0 giant spiked club! x2
There is a stone staircase leading up, spattered with blood here.
Casting: Scorch (safe; 1% risk of failure)
Confirm with . or Enter, or press ? or * to list all spells.
Casting: Flame Wave (dangerous; 9% risk of failure)
Press: ? - help, Dir - look around, f - activate A wave of flame ripples out!
The flame wave engulfs the two-headed ogre!
The two-headed ogre is lightly wounded. (Press . to intensify the flame waves.)
The two-headed ogre misses you.
The two-headed ogre hits you with a +0 giant spiked club!
A wave of flame ripples out!
The flame wave engulfs the two-headed ogre!
The two-headed ogre is moderately wounded.
A wave of flame ripples out!
The flame wave engulfs the two-headed ogre.
The two-headed ogre is moderately wounded.
You finish channelling waves of flame.
The two-headed ogre hits you with a +0 giant spiked club!!
You die...

* * ,+ * * , * ,
###, * ,* * ,,,
,, , ..# * *, *,
** #.# , , , * *
, , #.# * * ,*
** *
*,#.######+## ,
, , #..........
,,, ########.#
#.........< ** *
#.....@#.#
#.O....O... *
#.#.##O#.#
#.######### *
#......#.# #.# ,
,
#.#....#.##.#.#
* *
,#...........#.#
* *
#......#.####.#
*
#.[#.........!#
, ,
#(.#.###.######
,#. #. ...# ,


You could see a two-headed ogre.

Vanquished Creatures
  A hornet (D:5)
  Prince Ribbit (D:6)
  An orc warrior (D:6)
  An ogre (D:5)
  A phantom (D:6)
  A bullfrog (D:6)
  5 scorpions
  3 howler monkeys
  3 hounds
  4 jellies
  2 orc priests
  2 iguanas (D:6)
  2 orc wizards (D:5)
  5 adders
  4 gnolls (D:4)
  A shadow imp (D:6)
  A white imp (D:6)
  An ufetubus (D:6)
  17 orcs
  2 bats
  2 endoplasms
  2 giant cockroaches
  4 goblins (D:4)
  A hobgoblin (D:4)
  2 quokkas
  3 ball pythons
  A frilled lizard (D:1)
  A kobold (D:2)
74 creatures vanquished.

Vanquished Creatures (others)
  190 foxfires
190 creatures vanquished.

Grand Total: 264 creatures vanquished

Notes
Turn   | Place    | Note
-------+----------+-------------------------------------------
     0 | D:1      | hawla the Meteoran Fire Elementalist began the quest for
                  | the Orb.
     0 | D:1      | Reached XP level 1. HP: 14/14 MP: 5/5
    56 | D:2      | Reached XP level 2. HP: 20/20 MP: 2/6
    59 | D:2      | Learned a level 2 spell: Scorch
   113 | D:3      | Found a faded altar of an unknown god.
   212 | D:4      | Reached XP level 3. HP: 26/26 MP: 6/8
   507 | D:4      | Noticed a scorpion
   514 | D:4      | Killed a scorpion
   515 | D:4      | Reached skill level 5 in Fire Magic
   515 | D:4      | Reached XP level 4. HP: 26/34 MP: 2/10
   515 | D:4      | Reached XP level 5. HP: 29/39 MP: 2/11
   520 | D:4      | Learned a level 4 spell: Flame Wave
   525 | D:4      | Found a staircase to the Ecumenical Temple.
   540 | Temple   | Entered the Ecumenical Temple
   689 | D:4      | Reached XP level 6. HP: 6/46 MP: 1/12
   712 | D:5      | Entered Level 5 of the Dungeon
   712 | D:5      | Noticed a hornet
   790 | D:5      | Killed a hornet
   791 | D:5      | Reached skill level 3 in Long Blades
   791 | D:5      | Reached skill level 5 in Conjurations
   791 | D:5      | Reached XP level 7. HP: 31/51 MP: 3/13
   826 | D:5      | Found a broken altar of Ashenzari.
   909 | D:5      | Reached skill level 4 in Long Blades
   940 | D:5      | Reached skill level 5 in Long Blades
   991 | D:5      | Reached skill level 6 in Long Blades
   991 | D:5      | Reached XP level 8. HP: 58/58 MP: 6/14
  1192 | D:5      | Reached skill level 7 in Long Blades
  1583 | D:6      | Reached skill level 1 in Fighting
  1590 | D:6      | Noticed Prince Ribbit
  1595 | D:6      | Killed Prince Ribbit
  1596 | D:6      | Reached skill level 5 in Spellcasting
  1596 | D:6      | Gained mutation: You passively map the area around you.
                  | [Meteoran growth]
  1596 | D:6      | Reached XP level 9. HP: 52/64 MP: 1/17
  1722 | D:6      | Found Oddacrar's Tiny Tomes.
  1732 | D:6      | Bought Simed's Codex of the Door for 130 gold pieces
  1737 | D:6      | Learned a level 4 spell: Iskenderun's Mystic Blast
  1791 | D:6      | Reached skill level 1 in Translocations
  1832 | D:6      | HP: 3/64 [orc priest/divine providence (17)]
  2074 | D:6      | Found Lizy's General Store.
  2212 | D:6      | Bought the Volume of Lava for 156 gold pieces
  2251 | D:7      | Noticed a two-headed ogre
  2412 | D:7      | Slain by a two-headed ogre

Illustrated notes

Levels and vault maps discovered:
D:1:      dpeg_arrival_stone_temple_mockup, layout_basic
D:2:      layout_basic, basic_altar
D:3:      minmay_skewed_foursquare, layout_basic, mainiacjoe_overflow_alcove_4,
          grunt_temple_overflow_open, basic_ecumenical_altar, uniq_natasha,
          uniq_robin
D:4:      layout_basic, minmay_temple_entry_large_hall
D:5:      layout_basic, mainiacjoe_overflow_chevrons
D:6:      layout_rooms, serial_bayou_ford_a,
          nicolae_shop_i_like_small_books_too, nicolae_take_the_stairs,
          uniq_prince_ribbit1
D:7:      old_forge, layout_basic, mainiacjoe_overflow_six_doors_small,
          serial_shops, nicolae_shop_pleasant_corner_grove
Temple:   hellmonk_temple_two_chambers

Skill      XL: |  1  2  3  4  5  6  7  8  9 |
---------------+----------------------------+-----
Fire Magic     | 4 5 |  5.6
Spellcasting   | 3 5 |  5.2
Conjurations   | 2 4 5 6 |  6.3
Long Blades    | 3 6 7 |  7.7
Fighting       | 1 |  1.5
Translocations | 4 |  4.9
Dodging        | |  2.8
Stealth        | |  1.4

Action                     |  1- 3 |  4- 6 |  7- 9 || total
---------------------------+-------+-------+-------++-------
  Melee: Unarmed           |    14 |     1 |       ||    15
         Long sword        |       |       |    18 ||    18
   Cast: Foxfire           |    36 |    10 |    64 ||   110
         Scorch            |     5 |     8 |    40 ||    53
         Flame Wave        |       |       |     3 ||     3
    Use: Scroll            |       |     3 |     7 ||    10
         Potion            |       |       |     2 ||     2
 Armour: Robe              |     9 |     1 |     6 ||    16
  Dodge: Dodged            |    17 |     4 |    28 ||    49
